 Dungeon Crawl Stone Soup version 0.18.1-48-g4cf74bf (webtiles) character file.

119 buf2 the Skirmisher (level 5, -1/42 HPs)
             Began as a Human Wanderer on July 21, 2016.
             Killed by divine providence
             ... invoked by an orc priest
              (10 damage)
             ... on level 3 of the Dungeon.
             The game lasted 00:07:38 (2261 turns).

buf2 the Skirmisher (Human Wanderer)                Turns: 2261, Time: 00:07:39

Health: -1/42      AC:  9    Str: 16    XL:     5   Next: 23%
Magic:  5/5        EV: 10    Int: 11    God:
Gold:   126        SH:  0    Dex: 11    Spells: 0 memorised, 4 levels left

rFire  . . .     SeeInvis .     b - +0 spear
rCold  + . .     Gourm    .     a - +2 scale mail
rNeg   . . .     Faith    .     (no shield)
rPois  .         Spirit   .     (no helmet)
rElec  .         Dismiss  .     (no cloak)
rCorr  .         Reflect  .     (no gloves)
SustAt .         Harm     .     o - +0 pair of boots
MR     .....                    (no amulet)
Stlth  ..........               (no ring)
                                l - ring of protection from cold

@: not resistant to hostile enchantments, extremely unstealthy
A: no striking features
a: no special abilities


You were on level 3 of the Dungeon.
You were not hungry.

You visited 1 branch of the dungeon, and saw 3 of its levels.

You collected 126 gold pieces.

Inventory:

Hand Weapons
 b - a +0 spear (weapon)
 q - a +0 mace
Missiles
 e - 12 poisoned needles
 f - 18 stones (quivered)
 h - 50 bolts
 k - 21 arrows
 v - 2 tomahawks
Armour
 a - a +2 scale mail (worn)
 o - a +0 pair of boots (worn)
 r - a +0 ring mail
Jewellery
 l - a ring of protection from cold (left hand)
Scrolls
 i - 4 scrolls of fear {unknown}
 j - a scroll of enchant weapon {unknown}
 n - a scroll of immolation {unknown}
 s - a scroll of noise {unknown}
 t - a scroll of teleportation {unknown}
 u - 2 scrolls of blinking {unknown}
Potions
 g - a potion of agility {unknown}
 p - a potion of curing {unknown}
Books
 c - Sif Muna's Reference Book on Translocation

   Spells                             Type                      Level
   a - Shroud of Golubria             Charms/Translocation         2
   b - Blink                          Translocation                2
Comestibles
 d - a bread ration
 m - 3 chunks of flesh


   Skills:
 + Level 4.0 Fighting
 + Level 1.2 Polearms
 + Level 1.1 Throwing
 + Level 3.0 Armour
 + Level 1.9 Dodging
 + Level 0.7 Stealth
   Level 1.0 Shields
   Level 1.0 Hexes
   Level 2.0 Translocations


You had 4 spell levels left.
You didn't know any spells.

Dungeon Overview and Level Annotations

Branches:
Dungeon (3/15)

Altars:
Pakellas


Message History

The bat barely misses you. The orc priest misses you.
You closely miss the orc priest.
The orc priest is almost dead.
The bat barely misses you.
The orc priest hits you with a short sword!
* * * LOW HITPOINT WARNING * * *
You hit the orc priest but do no damage.
The orc priest is almost dead.
The bat barely misses you. The bat hits you but does no damage.
The orc priest casts a cantrip, but nothing happens.
You hit the orc priest but do no damage.
The orc priest is almost dead.
The bat hits you but does no damage.
The orc priest hits you but does no damage.
You hit the orc priest but do no damage.
The orc priest is almost dead.
The bat hits you but does no damage.
The orc priest mumbles some strange prayers to Beogh against you.
Beogh smites you!
You die...

.. #.# .>. (
.####.####... .r
......<.....
.#...........
......$.....
#..........
#.oo....# #o# #
#@######## ###.#
#b...#...####..<.#
#..........[..#
#...........####
#...........#
#.....#...<.#
......#.#...##
#.##..#...#..#
#.#..#.._..#..


You could see an orc priest, 2 orcs and a bat.

Vanquished Creatures
  A centaur skeleton (D:3)
  3 adders (D:2)
  4 worms (D:2)
  3 dart slugs
  A giant gecko (D:2)
  2 orcs (D:3)
  A ball python (D:1)
  A giant cockroach (D:2)
  4 goblins
  5 hobgoblins
  2 jackals (D:2)
  2 quokkas (D:2)
  6 bats
  8 giant newts (D:2)
  2 kobolds (D:1)
  4 rats
49 creatures vanquished.

Notes
Turn   | Place    | Note
--------------------------------------------------------------
     0 | D:1      | buf2 the Human Wanderer began the quest for the Orb.
     0 | D:1      | buf2 set off with: a +2 scale mail, a +0 spear, Sif Muna's Reference Book on Translocation, a bread ration
     0 | D:1      | Reached XP level 1. HP: 18/18 MP: 1/1
   219 | D:1      | Reached XP level 2. HP: 11/24 MP: 2/2
   990 | D:2      | Reached XP level 3. HP: 13/29 MP: 3/3
  1250 | D:2      | Reached skill level 1 in Dodging
  1661 | D:2      | Reached XP level 4. HP: 29/37 MP: 4/4
  2059 | D:2      | Reached skill level 1 in Polearms
  2183 | D:3      | Found an oddly glowing altar of Pakellas.
  2252 | D:3      | Reached skill level 4 in Fighting
  2252 | D:3      | Reached XP level 5. HP: 20/42 MP: 5/5
  2261 | D:3      | Killed from afar by an orc priest

Skill      XL: |  1  2  3  4 |
---------------+-------------+-----
Dodging        | 1 |  1.9
Polearms       | 1 |  1.2
Fighting       | 4 |  4.0
Armour         | 3 |  3.0
Throwing       | |  1.1
Stealth        | |  0.7
Shields        | |  1.0
Hexes          | |  1.0
Translocations | |  2.0

Action                   |  1- 3 |  4- 6 || total
-------------------------+-------+-------++-------
Melee: Spear             |   153 |   117 ||   270
Throw: Stone             |     1 |       ||     1
  Use: Potion            |     2 |       ||     2
  Eat: Chunk             |     3 |     2 ||     5
Armor: Scale mail        |    83 |    73 ||   156
Dodge: Dodged            |    89 |    70 ||   159
